 Dungeon Crawl Stone Soup version 0.20-a0-959-gdc9e609 (webtiles) character file.

141957 Devintownsend the Impregnable (level 16, -8/155 HPs)
             Began as a Minotaur Fighter on Mar 31, 2017.
             Was the Champion of Okawaru.
             Shot with a bolt by Vashnia (32 damage)
             ... on level 3 of the Snake Pit on Apr 7, 2017.
             The game lasted 02:55:49 (35473 turns).

Devintownsend the Impregnable (Minotaur Fighter)   Turns: 35473, Time: 02:55:49

Health: -8/155     AC: 39    Str: 32    XL:     16   Next: 79%
Magic:  21/21      EV: 10    Int:  5    God:    Okawaru [******]
Gold:   3397       SH: 19    Dex: 12    Spells: 14/15 levels left

rFire    + . .     SeeInvis +   H - +7 hand axe "Pafikho" {flame, +Blink}
rCold    . . .     Gourm    .   L - +2 shield of Resistance {rF+ rC+ MR+}
rNeg     + . .     Faith    +   V - +1 crystal plate armour
rPois    +         Spirit   .   (helmet restricted)
rElec    +         Reflect  .   q - scarf of Itety {+Blink rC- rN+ Str+3}
rCorr    .         Harm     .   j - +2 pair of gloves {Str+3}
MR       +++..                  G - +1 pair of boots {run}
Stlth    ..........             p - amulet of faith
Regen    0.4/turn               m - ring of poison resistance
MPRegen  0.2/turn               U - ring of see invisible

@: heroism, quick
A: retaliatory headbutt, horns 2, magic resistance 1, electricity resistance
a: Heroism, Finesse, Renounce Religion, Evoke Blink


You were on level 3 of the Snake Pit.
You worshipped Okawaru.
Okawaru was exalted by your worship.
You were not hungry.

You visited 4 branches of the dungeon, and saw 26 of its levels.
You also visited: Labyrinth, Bailey and Volcano.

You collected 4527 gold pieces.
You spent 1130 gold pieces at shops.

Inventory:

Hand Weapons
 w - the +2 hand axe of Death's Door {chop, rN+++ Int+4}
   (You found it on level 10 of the Dungeon)

   It inflicts extra damage upon your enemies.
   It affects your intelligence (+4).
   It renders you almost immune to negative energy.
 E - a +2 battleaxe of chopping
 H - the +7 hand axe "Pafikho" (weapon) {flame, +Blink}
   (You found it on level 10 of the Dungeon)

   It has been specially enchanted to burn those struck by it, causing extra
   injury to most foes and up to half again as much damage against particularly
   susceptible opponents.
   Big, fiery blades are also staple armaments of hydra-hunters.
   It lets you blink.
Armour
 g - a +3 plate armour of fire resistance
 j - a +2 pair of gloves of strength (worn)
 q - the scarf of Itety (worn) {+Blink rC- rN+ Str+3}
   (Okawaru gifted it to you on level 5 of the Lair of Beasts)

   It affects your strength (+3).
   It makes you vulnerable to cold.
   It protects you from negative energy.
   It lets you blink.
 C - a +2 pair of gloves
 G - a +1 pair of boots of running (worn)
 L - the +2 shield of Resistance (worn) {rF+ rC+ MR+}
   (You found it in a bailey)

   It protects you from fire.
   It protects you from cold.
   It affects your resistance to hostile enchantments.
 T - a +0 crystal plate armour
 V - a +1 crystal plate armour (worn)
Jewellery
 a - a +4 ring of evasion
 k - an uncursed ring of fire
 m - a ring of poison resistance (left hand)
 p - an amulet of faith (around neck)
 y - a +2 ring of protection
 F - an uncursed ring of protection from fire
 I - an uncursed ring of stealth
 J - an uncursed ring of stealth
 R - an uncursed ring of flight
 U - a ring of see invisible (right hand)
 X - a cursed ring of ice
Wands
 b - a wand of flame (11/48)
 c - a wand of iceblast (3/15)
 f - a wand of flame (7/48)
 l - a wand of confusion (31/48)
 o - a wand of paralysis (9/24)
 A - a wand of random effects (16/48)
 O - a wand of digging (7/24)
 P - a wand of lightning (3/15)
Scrolls
 e - 12 scrolls of identify
 h - 3 scrolls of fear
 t - 12 scrolls of teleportation
 v - 2 scrolls of blinking
 B - a scroll of recharging
 M - 3 scrolls of magic mapping
 N - a scroll of brand weapon
 Q - 2 scrolls of fog
 S - a scroll of enchant armour
 W - 3 scrolls of remove curse
Potions
 d - 5 potions of might
 i - 4 potions of curing
 n - 4 potions of haste
 s - 8 potions of heal wounds
 u - 2 potions of berserk rage
 x - a potion of ambrosia
 D - 3 potions of resistance
 Y - 2 potions of cancellation
Books
 Z - a book of the Tempests

   Spells                             Type                      Level
   a - Static Discharge               Conjuration/Air              3
   b - Lightning Bolt                 Conjuration/Air              5
   c - Ignition                       Fire                         8
   d - Tornado                        Air                          9
   e - Shatter                        Earth                        9
Comestibles
 z - 22 royal jellies
 K - 11 meat rations


   Skills:
 + Level 17.4(22.4) Fighting
 - Level 7.5(13.2) Axes
   Level 5.2(12.1) Maces & Flails
 * Level 21.4(26.4) Armour
 - Level 15.0(20.0) Shields
 - Level 8.0 Invocations
 - Level 8.1 Evocations


You had 14 spell levels left.
You knew the following spells:

 Your Spells              Type           Power        Failure   Level  Hunger
a - Magic Dart            Conj           #...         100%        1    ##.....


Dungeon Overview and Level Annotations

Branches:
Dungeon (15/15)            Temple (0/1) D:7            Lair (6/6) D:8
 Shoals (0/4) Lair:3        Snake (3/4) Lair:3        Slime (0/5) Lair:6
    Orc (2/2) D:10            Elf (0/3) Orc:2        Vaults (0/5) D:13
 Depths: D:15

Altars:
Cheibriados
Dithmenos
Elyvilon
Fedhas
Gozag
Kikubaaqudgha
Makhleb
Okawaru
Qazlal
Trog
Uskayaw
Wu Jian
Xom
Zin
The Shining One
Jiyva

Shops:
D:4 (   D:8 (   Orc:2 *(:[   Snake:3 !(%?

Portals:
Trove: D:10 (show slimy rune of Zot)

Annotations:
Snake:3 Vashnia


Innate Abilities, Weirdness & Mutations

You reflexively headbutt those who attack you in melee.
You have a pair of horns on your head.
You are resistant to hostile enchantments. (MR+)
You are resistant to electric shocks. (rElec)


Message History

You slash Vashnia! You burn Vashnia.
Vashnia is heavily wounded.
You slice Vashnia!! You burn Vashnia.
Vashnia is severely wounded.
You feel sick.
Vashnia shoots a bolt.
The bolt hits you.
* * * LOW HITPOINT WARNING * * *
You feel better.
The naga sharpshooter casts a spell.
The naga sharpshooter magically shoots a bolt.
You block the bolt.
You miss Vashnia. Your headbutt misses Vashnia.
Vashnia is severely wounded.
Vashnia shoots a bolt.
The bolt hits you!
* * * LOW HITPOINT WARNING * * *
You hit Vashnia but do no damage.
Vashnia is severely wounded.
You closely miss Vashnia.
Vashnia is severely wounded.
Vashnia shoots a bolt.
The bolt hits you!!
You die...

#.............[................
####.........####.#.###....#.[#
####...##..##..#.>##.)......
##.####.##.###.##...###..
##......##....N...#...#.. ####
#.......##........#...##.
#P≈♣#####......((#........#...#..
♣♣≈≈...##.######)#.###.#####..#..
≈≈P≈......# #@#N# #.##...#....
≈≈≈....##.# #)NS###.##...##.##
PP≈....##.# ###NN)(....## ##..
P≈≈.)..##.# #.S###.#..# ###
#≈♣♣#####.# ##.## #....'N. ###
####..# ##..# #..#N# . #....##
#..## ...#.N. #....# #.#### ..>#
#.. #....# ##....# .... ##


You could see Vashnia, 2 naga sharpshooters, a mana viper and a black mamba.

Vanquished Creatures
  Asterion (Snake:3)
  An orc warlord (Orc:2)
  Aizul (Snake:3)
  A stone giant (Orc:2)
  2 ettins (D:14)
  Snorg (D:14)
  2 fire dragons
  A minotaur (Lab)
  The ghost of bombasticus the Protected, a journeyman MiBe of Trog (D:10)
  Fannar (D:11)
  10 naga warriors
  3 centaur warriors
  11 hydras
  4 anacondas (Snake:2)
  4 vault guards (D:13)
  A catoblepas (Lair:6)
  4 two-headed ogres
  A death yak (D:14)
  2 tengu warriors (D:14)
  3 shock serpents
  Nergalle (D:11)
  10 naga sharpshooters
  6 orc high priests
  2 unseen horrors
  Pikel (D:5)
  5 naga ritualists
  A deep elf mage (D:12)
  A phantasmal warrior (D:14)
  A wolf spider zombie (D:13)
  An orc knight (Orc:1)
  A wolf spider (Lair:6)
  8 mana vipers
  4 orc sorcerers
  An oklob plant (Lair:1)
  2 cyclopes
  3 manticores
  5 ugly things
  8 elephants
  29 black mambas
  5 salamanders
  9 naga magi
  3 guardian serpents
  3 centaur zombies
  2 gargoyles
  A rime drake (Lair:3)
  A torpor snail (Lair:4)
  6 komodo dragons
  23 spiny frogs
  A kobold demonologist (D:15)
  An efreet (D:10)
  3 meliai (D:13)
  A queen bee (D:11)
  9 trolls
  5 polar bears
  3 hornets
  3 slime creatures (D:13)
  17 blink frogs
  A meliai zombie (D:13)
  7 dream sheep
  13 hippogriffs
  4 shadows
  2 redbacks (Lair:6)
  A vampire (D:12)
  A wraith (D:13)
  A water elemental (D:15)
  4 centaur simulacra (D:14)
  49 yaks
  Sigmund (D:2)
  3 basilisks
  21 wyverns
  A hungry ghost (D:13)
  A steam dragon (Volcano)
  9 fire bats (Volcano)
  Menkaure (D:5)
  3 vampire mosquitoes (D:14)
  2 wargs (Orc:2)
  34 nagas
  A soldier ant (D:13)
  12 porcupines
  16 water moccasins
  3 black bears
  3 phantoms
  A slave (D:5)
  8 ice beasts
  37 orc warriors
  A sky beast (D:10)
  An eye of draining (D:10)
  A hornet zombie (D:10)
  19 ogres
  A necrophage (D:9)
  13 wolves
  5 centaurs
  20 crocodiles
  4 big kobolds
  20 bullfrogs
  4 gnoll sergeants (D:10)
  A water moccasin zombie (D:12)
  4 scorpions
  35 killer bees
  4 wights (D:13)
  8 howler monkeys
  An electric eel (D:14)
  5 crimson imps
  5 hounds
  7 jellies
  2 bullfrog zombies
  14 orc priests
  7 bullfrog skeletons
  2 centaur skeletons
  4 iguanas
  10 orc wizards
  7 worker ants
  2 hound skeletons
  2 worker ant zombies (D:10)
  6 gnolls
  8 adders
  3 shadow imps
  A white imp (D:14)
  2 ufetubi (D:14)
  An adder zombie (D:6)
  3 worms
  A dart slug (D:3)
  7 leopard geckos
  60 orcs
  2 ball pythons
  12 bats
  4 giant cockroaches
  7 goblins
  3 hobgoblins
  7 jackals
  4 quokkas
  3 frilled lizards
  20 kobolds
  2 leopard gecko skeletons (D:4)
  2 quokka skeletons (D:4)
  11 rats
  A bush (Lair:5)
  6 fungi
  11 plants
877 creatures vanquished.

Vanquished Creatures (others)
  A troll (D:9)
  A vampire (D:11)
  A crocodile (Volcano)
  4 gnolls (D:5)
  A leopard gecko (D:5)
  31 fungi
  17 plants
56 creatures vanquished.

Grand Total: 933 creatures vanquished

Notes
Turn   | Place    | Note
-------+----------+-------------------------------------------
     0 | D:1      | Devintownsend the Minotaur Fighter began the quest for the Orb.
     0 | D:1      | Reached XP level 1. HP: 19/19 MP: 0/0
   402 | D:1      | Reached XP level 2. HP: 27/27 MP: 1/1
   988 | D:2      | Noticed Sigmund
   999 | D:2      | Killed Sigmund
   999 | D:2      | Reached skill level 4 in Armour
   999 | D:2      | Reached skill level 5 in Shields
   999 | D:2      | Reached XP level 3. HP: 22/34 MP: 2/2
   999 | D:2      | Reached XP level 4. HP: 27/41 MP: 3/3
   999 | D:2      | Reached XP level 5. HP: 31/47 MP: 4/4
  1398 | D:2      | Found an ancient bone altar of Kikubaaqudgha.
  1402 | D:2      | Found a snail-covered altar of Cheibriados.
  1407 | D:2      | Found a burning altar of Makhleb.
  1407 | D:2      | Found a white marble altar of Elyvilon.
  1407 | D:2      | Found a hide-covered altar of Uskayaw.
  1407 | D:2      | Found a blossoming altar of Fedhas.
  1408 | D:2      | Found a bloodstained altar of Trog.
  1409 | D:2      | Found a shadowy altar of Dithmenos.
  1727 | D:3      | Found a faded altar of an unknown god.
  1905 | D:3      | Found a glowing golden altar of the Shining One.
  2014 | D:3      | Reached skill level 5 in Fighting
  2048 | D:3      | Found an opulent altar of Gozag.
  2198 | D:4      | Reached XP level 6. HP: 46/56 MP: 5/5
  2210 | D:4      | Found Uskiquol's Antique Weapon Boutique.
  2229 | D:4      | Bought a fine morningstar for 135 gold pieces
  2229 | D:4      | Identified the +3 morningstar of Buzalib {venom, MP+9 SInv Stlth-} (You bought it in a shop on level 4 of the Dungeon)
  2290 | D:4      | Reached skill level 5 in Axes
  2469 | D:4      | Reached skill level 1 in Maces & Flails
  2865 | D:5      | Entered Level 5 of the Dungeon
  2879 | D:5      | Reached XP level 7. HP: 54/61 MP: 6/6
  3003 | D:5      | Reached skill level 5 in Armour
  3142 | D:5      | Noticed Pikel
  3159 | D:5      | Killed Pikel
  3159 | D:5      | Reached XP level 8. HP: 47/70 MP: 7/7
  3185 | D:5      | Noticed Menkaure
  3191 | D:5      | Killed Menkaure
  3191 | D:5      | Reached skill level 5 in Maces & Flails
  3620 | D:5      | Reached skill level 6 in Armour
  3695 | D:5      | Found an iron altar of Okawaru.
  3696 | D:5      | Found an ornate altar of the Wu Jian Council.
  3707 | D:5      | Became a worshipper of Warmaster Okawaru
  4176 | D:6      | Got a steaming dagger
  4178 | D:6      | Identified the cursed +2 dagger of Context {pierce, rC+ SInv} (You found it on level 6 of the Dungeon)
  4288 | D:6      | Reached skill level 7 in Armour
  4752 | D:6      | Reached XP level 9. HP: 67/81 MP: 8/8
  4915 | D:7      | Reached * piety under Okawaru
  4915 | D:7      | Reached skill level 8 in Armour
  5654 | D:7      | Gained mutation: You are resistant to hostile enchantments. (MR+) [potion of mutation]
  5654 | D:7      | Gained mutation: Armour fits poorly on your strangely shaped body. [potion of mutation]
  5654 | D:7      | Lost mutation: Armour fits poorly on your strangely shaped body. [potion of mutation]
  5654 | D:7      | Gained mutation: You are resistant to electric shocks. (rElec) [potion of mutation]
  5778 | D:7      | Found a staircase to the Ecumenical Temple.
  5926 | D:8      | Reached skill level 9 in Armour
  6056 | D:8      | Found a staircase to the Lair.
  6124 | D:8      | You fall through a shaft for 2 floors!
  6124 | D:10     | Entered Level 10 of the Dungeon
  6180 | D:10     | Noticed bombasticus's ghost (journeyman MiBe)
  6214 | D:10     | Killed bombasticus's ghost
  6214 | D:10     | Reached ** piety under Okawaru
  6214 | D:10     | Reached skill level 10 in Fighting
  6214 | D:10     | Reached skill level 10 in Armour
  6403 | D:10     | Reached XP level 10. HP: 29/94 MP: 9/9
  6408 | D:10     | Found a flagged portal.
  6419 | D:10     | Got a crude hand axe
  6426 | D:10     | Got a twisted hand axe
  6428 | D:10     | Identified the +2 hand axe of Death's Door {chop, rN+++ Int+4} (You found it on level 10 of the Dungeon)
  6429 | D:10     | Identified the +7 hand axe "Pafikho" {flame, +Blink} (You found it on level 10 of the Dungeon)
  6663 | Bailey   | Entered a bailey
  6805 | Bailey   | Reached skill level 11 in Armour
  6811 | Bailey   | Found a burning altar of Makhleb.
  7189 | D:10     | Found a portal to a secret trove of treasure.
  7278 | D:10     | Reached *** piety under Okawaru
  7491 | D:10     | Found a staircase to the Orcish Mines.
  7593 | D:10     | Received a gift from Okawaru
  7798 | D:10     | Reached skill level 1 in Invocations
  7806 | D:10     | Noticed a gargoyle
  7818 | D:10     | Killed a gargoyle
  7818 | D:10     | Reached **** piety under Okawaru
  7828 | D:10     | Noticed a seven-headed hydra
  7828 | D:10     | Reached skill level 12 in Armour
  7840 | D:10     | Killed a three-headed hydra
  8282 | D:10     | Reached XP level 11. HP: 88/102 MP: 11/11
  8617 | D:9      | Found a stormy altar of Qazlal.
  9162 | D:8      | Reached ***** piety under Okawaru
  9162 | D:8      | Reached skill level 13 in Armour
  9180 | D:8      | Found Tyonuux's Weapon Emporium.
  9306 | Lair:1   | Entered Level 1 of the Lair of Beasts
  9785 | Lair:1   | Noticed an oklob plant
 10107 | Lair:1   | Received a gift from Okawaru
 10119 | Lair:1   | Killed an oklob plant
 10128 | Lair:1   | Got a smoking scarf {god gift}
 10140 | Lair:1   | Identified the scarf of Anaesthesia {rElec rPois Slay-4} (Okawaru gifted it to you on level 1 of the Lair of Beasts)
 10970 | Lair:2   | Reached skill level 10 in Shields
 11147 | Lair:3   | Found a glowing silver altar of Zin.
 11182 | Lair:3   | Reached skill level 14 in Armour
 11467 | Lair:3   | Upgraded the game from 0.20-a0-941-gba1b1f9 to 0.20-a0-945-g3bf614a
 11902 | Lair:3   | Found a staircase to the Snake Pit.
 11918 | Lair:3   | Found a staircase to the Shoals.
 12042 | Lair:3   | Received a gift from Okawaru
 12042 | Lair:3   | Reached XP level 12. HP: 94/110 MP: 12/12
 13199 | Lair:4   | Noticed a six-headed hydra
 13207 | Lair:4   | Killed a one-headed hydra
 13500 | Lair:4   | Noticed an eight-headed hydra
 13509 | Lair:4   | Killed a three-headed hydra
 13829 | Lair:5   | Reached skill level 15 in Armour
 13860 | Lair:5   | Noticed a five-headed hydra
 13877 | Lair:5   | Killed a one-headed hydra
 14085 | Lair:5   | Reached ****** piety under Okawaru
 14822 | Lair:5   | Received a gift from Okawaru
 14822 | Lair:5   | Reached skill level 15 in Shields
 14825 | Lair:5   | Got a steaming scarf {god gift}
 14837 | Lair:5   | Identified the scarf of Itety {+Blink rC- rN+ Str+3} (Okawaru gifted it to you on level 5 of the Lair of Beasts)
 15070 | Lair:5   | Reached skill level 1 in Evocations
 15070 | Lair:5   | Reached XP level 13. HP: 95/116 MP: 13/15
 15126 | Lair:6   | Entered Level 6 of the Lair of Beasts
 15250 | Lair:5   | Reached skill level 5 in Invocations
 16005 | Lair:6   | Received a gift from Okawaru
 16505 | Lair:6   | Reached skill level 16 in Armour
 16579 | Lair:6   | Received a gift from Okawaru
 17276 | Lair:6   | Reached skill level 5 in Evocations
 17489 | Lair:6   | Reached XP level 14. HP: 69/127 MP: 18/18
 17729 | Lair:6   | Found a staircase to the Slime Pits.
 17729 | Lair:6   | Found a viscous altar of Jiyva.
 17795 | Lair:6   | Received a gift from Okawaru
 19271 | Orc:1    | Entered Level 1 of the Orcish Mines
 19366 | Orc:1    | Found a dark tunnel.
 19377 | Volcano  | Entered a volcano
 19704 | Volcano  | Received a gift from Okawaru
 20590 | Orc:2    | Entered Level 2 of the Orcish Mines
 20590 | Orc:2    | Found Zuirphem's Antique Armour Boutique.
 20993 | Orc:1    | Reached skill level 17 in Armour
 21012 | Orc:2    | Bought a pair of embroidered gloves for 180 gold pieces
 21012 | Orc:2    | Bought a pair of transparent boots for 228 gold pieces
 21017 | Orc:2    | Identified the +1 pair of boots of the Buccaneer {Int+4 Stlth+} (You bought it in a shop on level 2 of the Orcish Mines)
 21450 | Orc:1    | Upgraded the game from 0.20-a0-945-g3bf614a to 0.20-a0-959-gdc9e609
 21687 | Orc:2    | Received a gift from Okawaru
 21770 | Orc:2    | Noticed a stone giant
 21795 | Orc:2    | Killed a stone giant
 21983 | Orc:2    | Found a staircase to the Elven Halls.
 22005 | Orc:2    | Noticed an orc warlord
 22034 | Orc:2    | Killed an orc warlord
 22302 | Orc:2    | Found Seug Oty's Antique Weapon Emporium.
 22366 | Orc:2    | Found Seituiz's Book Emporium.
 22534 | Orc:2    | Found Yfoif's General Store.
 22542 | Orc:2    | Bought a scroll of teleportation for 30 gold pieces
 23075 | D:11     | Received a gift from Okawaru
 23357 | D:11     | Noticed Fannar
 23380 | D:11     | Killed Fannar
 23773 | D:11     | Noticed Nergalle
 23789 | D:11     | Killed Nergalle
 24043 | D:12     | Reached XP level 15. HP: 139/139 MP: 20/20
 24129 | D:12     | Found a labyrinth entrance.
 24154 | Lab      | Entered a labyrinth
 24884 | Lab      | Got a transparent ring mail
 24890 | Lab      | Identified the Collected Works on the Frostbite and Talismans
 24930 | Lab      | Identified the +3 ring mail of Prudence {rPois rN+} (You took it off a minotaur in a labyrinth)
 24969 | Lab      | Got a pitted dagger
 24973 | Lab      | Identified the cursed +1 dagger of Subterfuge {pierce, *Corrode rElec rPois MR+++} (You found it in a labyrinth)
 25144 | D:12     | Reached skill level 15 in Fighting
 26599 | D:13     | Reached skill level 18 in Armour
 26665 | D:13     | Found a gate to the Vaults.
 26715 | D:13     | Received a gift from Okawaru
 26740 | D:13     | Got an ichor-stained morningstar {god gift}
 26744 | D:13     | Identified the +10 morningstar of Classification {drain, MP-9 Str+4 Dex+3 Stlth+} (Okawaru gifted it to you on level 13 of the Dungeon)
 27082 | D:13     | You fall through a shaft for 2 floors!
 27082 | D:15     | Entered Level 15 of the Dungeon
 27348 | D:15     | Received a gift from Okawaru
 27362 | D:15     | Identified a +1 pair of boots of running (Okawaru gifted it to you on level 15 of the Dungeon)
 27671 | D:14     | Noticed Snorg
 27687 | D:14     | Killed Snorg
 28257 | D:14     | Reached skill level 19 in Armour
 28686 | D:14     | Found a glowing golden altar of the Shining One.
 29305 | D:13     | Found a shimmering altar of Xom.
 29309 | D:13     | Found a shimmering altar of Xom.
 29318 | D:13     | Found a shimmering altar of Xom.
 29991 | Lair:1   | Learned a level 1 spell: Magic Dart
 30476 | Snake:1  | Entered Level 1 of the Snake Pit
 31000 | Snake:1  | Received a gift from Okawaru
 31355 | Snake:1  | Reached XP level 16. HP: 120/151 MP: 21/21
 31746 | Snake:1  | You fall through a shaft!
 32124 | Snake:2  | Received a gift from Okawaru
 32220 | Snake:2  | Reached skill level 20 in Armour
 33347 | Snake:3  | Noticed Aizul
 33371 | Snake:3  | Killed Aizul
 33655 | Snake:3  | Found Veracija's Distillery.
 33663 | Snake:3  | Bought a potion of heal wounds for 60 gold pieces
 33663 | Snake:3  | Bought a potion of heal wounds for 60 gold pieces
 33663 | Snake:3  | Bought a potion of curing for 36 gold pieces
 33862 | Snake:3  | Found Qiepy's Magic Scroll Boutique.
 33872 | Snake:3  | Found Wuiloqas's Food Shop.
 33893 | Snake:3  | Found Nunotorch's Weapon Boutique.
 33911 | Snake:3  | Bought a scroll of brand weapon for 220 gold pieces
 33911 | Snake:3  | Bought a scroll of teleportation for 33 gold pieces
 33911 | Snake:3  | Bought a scroll of teleportation for 33 gold pieces
 33911 | Snake:3  | Bought a scroll of enchant armour for 82 gold pieces
 33911 | Snake:3  | Bought a scroll of teleportation for 33 gold pieces
 34018 | Snake:3  | Noticed Asterion
 34041 | Snake:3  | Killed Asterion
 34455 | Snake:3  | Received a gift from Okawaru
 34455 | Snake:3  | Reached skill level 21 in Armour
 35356 | Snake:3  | Noticed Vashnia
 35473 | Snake:3  | Shot with a bolt by Vashnia

Vault maps used:
D:1:      dpeg_arrival_rooms_with_view
D:2:      minitemple, first_bread, kennysheep_potato, uniq_sigmund
D:3:      grunt_gozag_statues, lemuel_round_altar,
          chequers_ecumenical_altar_simple_redux
D:4:      serial_shops, shop, serial_co_window_serial, co_window_corner_a,
          co_window_paths_a, co_window_paths_b, co_window_paths_b,
          co_window_corner_a, co_window_broadway_a, co_window_corner_b,
          co_window_paths_c
D:5:      gammafunk_temple_overflow_pools, uniq_pikel, uniq_menkaure
D:7:      temple_hall, grunt_ogre_cave
D:8:      lair_entry_dummy, serial_shops, shop
D:9:      nicolae_qazlal_eye_of_the_storm
D:10:     minmay_bloctagon_deflated, kennysheep_orc_monster_closet_entryway,
          enter_trove_6, enter_bailey_2, minmay_misc_feat_encased
D:11:     special_room, lemuel_flame_loot_1, uniq_nergalle, uniq_fannar
D:12:     lab_entry_generic
D:13:     lightli_vaults_fourway_checkpoint, xom_redecorated
D:14:     minmay_glassy_protrusions, serial_ice, serial_ice_b, serial_ice_m,
          serial_ice_f, serial_ice_g, serial_ice_c, serial_ice_l,
          hangedman_decor_growths, nicolae_tso_carved_into_rock, uniq_snorg
D:15:     grunt_enter_depths_hoard, uniq_sonja, uniq_urug, uniq_josephine
Lair:1:   minmay_lair_oklob_chamber
Lair:3:   shoals_dummy_entry, dummy_snake_entry, basic_altar, ldierk_geyser,
          infiniplex_staircase_pool_2
Lair:5:   minmay_hedge_maze, st_stairs_3, grunt_megastairs_4,
          serial_bayou_shore_b
Lair:6:   hangedman_lair_tendril_chambers, slime_altar_1, serial_bayou_shore_b
Snake:3:  serial_shops, shop, minmay_shop_star, grunt_megastairs_3,
          serial_bayou_shore_b, uniq_vashnia, uniq_aizul, uniq_asterion
Orc:1:    nicolae_orc_accident_3, lightli_volcano_entry_magma_tube
Orc:2:    grunt_orc_gardens, grunt_orc_garden, grunt_orc_garden,
          grunt_orc_garden, grunt_orc_garden
Lab:      labyrinth_mini_lab
Bailey:   bailey_axe_3, bailey
Volcano:  pf_volcano_lost_world

Skill      XL: |  1  2  3  4  5  6  7  8  9 10 11 12 13 14 15 16 |
---------------+-------------------------------------------------+-----
Fighting       | 4 5 6 8 10 11 12 14 16 17 | 17.4
Shields        | 5 6 7 8 11 15 | 15.0
Axes           | 3 4 5 7 |  7.5
Armour         | 4 5 7 10 12 14 15 16 17 19 21 | 21.4
Maces & Flails | 1 4 5 |  5.2
Invocations    | 1 2 4 6 8 |  8.0
Evocations     | 1 5 7 8 |  8.1

Action                   |  1- 3 |  4- 6 |  7- 9 | 10-12 | 13-15 | 16-18 || total
-------------------------+-------+-------+-------+-------+-------+-------++-------
Melee: War axe           |    29 |    65 |       |       |       |       ||    94
       Headbutt          |     3 |    21 |    60 |   181 |   410 |   136 ||   811
       Morningstar       |       |    44 |   254 |       |       |       ||   298
       Dagger            |       |       |    49 |       |       |       ||    49
       Hand axe          |       |       |       |   750 |  1505 |   539 ||  2794
Invok: Heroism           |       |       |     1 |    12 |    15 |     4 ||    32
       Finesse           |       |       |       |       |     2 |     1 ||     3
 Abil: Evoke Blink       |       |       |       |       |     4 |       ||     4
  Use: Scroll            |       |    12 |     3 |    10 |     9 |     3 ||    37
       Potion            |       |       |     9 |     1 |       |     6 ||    16
  Eat: Chunk             |       |     6 |    10 |    17 |    44 |     2 ||    79
       Bread ration      |       |       |       |     2 |     1 |     3 ||     6
       Fruit             |       |       |       |     1 |     5 |       ||     6
       Royal jelly       |       |       |       |     1 |       |       ||     1
Armor: Scale mail        |    16 |    57 |    13 |       |       |       ||    86
       Plate armour      |       |       |   170 |   304 |   361 |       ||   835
       Crystal plate arm |       |       |       |       |   426 |   279 ||   705
Dodge: Dodged            |    14 |    35 |    69 |   174 |   377 |   101 ||   770
Block: Shield            |    27 |    64 |   183 |   523 |  1384 |   461 ||  2642
       Buckler           |       |       |       |    20 |       |       ||    20
